 Seeded DCSS version 0.30.1-4-g462c640d31 (webtiles) character file.

Game seed: 6351066067085065685 (custom seed)

2 Esekla the Grave Robber (level 1, 0/10 HPs)
             Began as a Deep Elf Necromancer on Aug 27, 2023.
             Slain by a bat (1 damage)
             ... on level 1 of the Dungeon.
             The game lasted 00:00:49 (127 turns).

Esekla the Grave Robber (Deep Elf Necromancer)       Turns: 127, Time: 00:00:50

Health: 0/10       AC:  2    Str:  5    XL:     1   Next: 25%
Magic:  6/6        EV: 12    Int: 19    God:
Gold:   0          SH:  0    Dex: 15    Spells: 5/6 levels left

rFire   . . .        c - +0 short sword
rCold   . . .        (no shield)
rNeg    . . .        a - +0 robe
rPois   .            (no helmet)
rElec   .            (no cloak)
rCorr   .            (no gloves)
SInv    .            (no boots)
Will    .....        (no amulet)
Stlth   ++           (no ring)
HPRegen 0.21/turn    (no ring)
MPRegen 0.10/turn

%: no passive effects
@: no status effects
A: no striking features
a: no special abilities


You were on level 1 of the Dungeon.
You visited 1 branch of the dungeon, and saw 1 of its levels.

Inventory:

Hand Weapons
 c - a +0 short sword (weapon)
Armour
 a - a +0 robe (worn)
Scrolls
 e - a scroll of fear {unknown}
 f - a scroll of identify {unknown}
Potions
 b - a potion of magic
 d - a potion of ambrosia {unknown}


   Skills:
 * Level 2.4 Dodging
 + Level 2.5 Stealth
 * Level 3.0 Spellcasting
 + Level 4.9 Necromancy


You had 5 spell levels left.
You knew the following spells:

 Your Spells              Type           Power      Damage    Failure   Level
a - Necrotise             Necr           84%        1d8       1%          1

Your spell library contained the following spells:

 Spells                   Type           Power      Damage    Failure   Level
 Vampiric Draining        Necr           21%        2d7       6%          3
 Animate Dead             Necr           21%        N/A       21%         4
 Agony                    Necr           21%        N/A       50%         5


Dungeon Overview and Level Annotations

Branches:
Dungeon (1/15)

Altars:


Message History

The ball python is heavily wounded.
The ball python closely misses you. The ball python constricts you.
You hit the ball python.
You kill the ball python!
Found a fuming coppery potion.
d - a fuming coppery potion
Found a scroll labelled QOIXKOT YTEE.
Found a scroll labelled OPUZOUSOET.
e - a scroll labelled QOIXKOT YTEE
Found a puce potion.
A frilled lizard and an endoplasm come into view.
The frilled lizard hisses angrily.
You hear an angry hiss.
You see here a scroll labelled OPUZOUSOET.
f - a scroll labelled OPUZOUSOET A ball python comes into view.
A ball python and 2 bats come into view.
A quokka comes into view.
Found a runed orb.
The bat attacks as you move away! The bat closely misses you.
The bat hits you but does no damage.
A goblin comes into view. It is wielding a +0 club.
The goblin shouts!
You hear an angry hiss.
A ball python comes into view.
The bat barely misses you.
You barely miss the bat. The bat hits you but does no damage. x2
The frilled lizard attacks as you move away!
The frilled lizard completely misses you.
The bat closely misses you.
The ball python bites you but does no damage.
The ball python grabs you. The ball python constricts you. The bat hits you.
The goblin hits you with a +0 club.
You closely miss the bat. The bat hits you but does no damage.
The ball python bites you. The ball python constricts you.
The bat hits you but does no damage. The bat hits you.
The goblin hits you with a +0 club.
* * * LOW HITPOINT WARNING * * *
The frilled lizard bites you but does no damage.
You escape the ball python's grasp.
The bat attacks as you move away! The bat hits you.
You die...

#........# #.####
####......# #....#
..#.....##..########..#
........#............##
...J......#.##########
..#.###......## r..
#.#.....### #S
...#..lSb..# .
#...#..g@##....
##.[....b# #..
##!...... #.#.....#
#.#....## #......#
.#....# ########


You could see a goblin, 2 bats, a ball python and a frilled lizard.

Vanquished Creatures
  A ball python (D:1)
  A kobold (D:1)
2 creatures vanquished.

Notes
Turn   | Place    | Note
-------+----------+-------------------------------------------
     0 | D:1      | Esekla the Deep Elf Necromancer began the quest for the
                  | Orb.
     0 | D:1      | Reached XP level 1. HP: 10/10 MP: 6/6
   127 | D:1      | Slain by a bat

Illustrated notes

Levels and vault maps discovered:
D:1:      sevenhm_arrival_forest_fort_small_3, layout_rooms,
          chequers_serial_rivers_room_b, minmay_misc_feat_five

Action                     || total
---------------------------++-------
  Melee: Unarmed           ||     9
         Short sword       ||     5
 Armour: Robe              ||     9
  Dodge: Dodged            ||    13
